 Dungeon Crawl Stone Soup version 0.27-a0-1193-g8631133539 (webtiles) character file.

Game seed: 13547910854924173952

18603 flotson the Covert (level 12, -12/145 HPs)
             Began as a Gnoll Delver on May 25, 2021.
             Was an Initiate of Gozag.
             Mangled by a minotaur
             ... wielding a +0 rapier of speed
              (37 damage)
             ... in a Gauntlet.
             The game lasted 00:44:00 (15591 turns).

flotson the Covert (Gnoll Delver)                  Turns: 15591, Time: 00:44:01

Health: -12/145    AC: 14    Str: 22    XL:     12   Next: 60%
Magic:  21/23      EV: 17    Int: 10    God:    Gozag
Gold:   297        SH:  5    Dex: 20    Spells: 3/25 levels left

rFire    . . .     SeeInvis .   a - +4 lajatang (speed)
rCold    . . .     Faith    .   (shield currently unavailable)
rNeg     . . .     Spirit   .   S - +2 ring mail {rPois}
rPois    +         Reflect  +   r - +0 helmet
rElec    +         Harm     .   H - +2 cloak {Will+}
rCorr    +         Rampage  .   F - +0 pair of gloves
Will     ++...     NoTele   +   (no boots)
Stlth    ..........             y - amulet of Xorhimm {Reflect Fragile rElec rCorr Str+6 SH+5}
HPRegen  0.34/turn              m - ring of willpower
MPRegen  0.18/turn              f - +6 ring of dexterity

@: berserking, very quick
A: fangs 1, strong nose, distributed training
a: Renounce Religion, Potion Petition, Call Merchant, Bribe Branch


You were in a Gauntlet.
You worshipped Gozag.
Gozag was aware of your devotion.
You visited 3 branches of the dungeon, and saw 14 of its levels.
You also visited: Gauntlet.

You collected 1655 gold pieces.
You spent 1188 gold pieces at shops.
You paid 170 gold pieces to Gozag.

Inventory:

Hand Weapons
 a - a +4 lajatang of speed (weapon)
 b - a +0 hand crossbow
 c - a +2 scimitar of flaming
 d - a +0 trident
Missiles
 i - a throwing net
 z - 19 poisoned darts (quivered)
 A - 12 boomerangs
 G - 84 bolts
Armour
 r - a +0 helmet (worn)
 F - a +0 pair of gloves (worn)
 H - a +2 cloak of willpower (worn)
 S - a +2 ring mail of poison resistance (worn)
 U - the +2 hat "Keoleach" {rF+}
   (You found it in a Gauntlet)

   It protects you from fire.
Jewellery
 f - a +6 ring of dexterity (right hand)
 j - the ring "Newaezil" {rElec rC- MP+9 Int+5}
   (You found it in a Gauntlet)

   [ring of magical power]

   It affects your intelligence (+5).
   It makes you vulnerable to cold.
   It insulates you from electricity.
   It affects your magic capacity (+9).
 m - a ring of willpower (left hand)
 q - a ring of willpower
 y - the amulet of Xorhimm (around neck) {Reflect Fragile rElec rCorr Str+6 SH+5}
   (You found it in a Gauntlet)

   [amulet of reflection]

   It reflects blocked missile attacks.
   It affects your strength (+6).
   It insulates you from electricity.
   It protects you from acid and corrosion.
   It will be destroyed if unequipped.
   It affects your SH (+5).
 I - a ring of protection from cold
 N - an amulet of guardian spirit
 R - a ring of see invisible
 V - the ring "Hero's Friend" {Wiz rC+ SInv}
   (You found it in a Gauntlet)

   [ring of wizardry]

   It improves your spell success rate.
   It protects you from cold.
   It lets you see invisible.
 W - an amulet of regeneration
Wands
 g - a wand of digging (8)
 t - a wand of flame (72)
 M - a wand of paralysis (6)
 Q - a wand of polymorph (10)
Scrolls
 e - 3 scrolls of fear
 l - a scroll of fog
 p - 6 scrolls of teleportation
 s - a scroll of summoning
 u - 2 scrolls of identify
 B - 2 scrolls of silence
 C - 2 scrolls of holy word
 D - 3 scrolls of immolation
 J - 2 scrolls of blinking
 K - 3 scrolls of magic mapping
 L - 2 scrolls of enchant weapon
 O - 2 scrolls of enchant armour
Potions
 h - 6 potions of attraction
 n - a potion of mutation
 v - 6 potions of curing
 x - 2 potions of lignification
 E - 2 potions of ambrosia
 P - a potion of might
 T - a potion of heal wounds {unknown}
Miscellaneous
 k - a phial of floods (inert)
 o - a phantom mirror (inert)


   Skills:
 + Level 9.9 Fighting
 + Level 7.4 Short Blades
 + Level 7.4 Long Blades
 + Level 7.4 Axes
 + Level 7.4 Maces & Flails
 + Level 8.8 Polearms
 + Level 7.4 Staves
 + Level 7.4 Slings
 + Level 7.4 Bows
 + Level 7.4 Crossbows
 + Level 7.4 Throwing
 + Level 7.4 Armour
 + Level 8.8 Dodging
 + Level 11.8 Stealth
 + Level 7.4 Shields
 + Level 7.4 Unarmed Combat
 + Level 7.4 Spellcasting
 + Level 6.2 Conjurations
 + Level 6.2 Hexes
 + Level 6.2 Summonings
 + Level 6.2 Necromancy
 + Level 6.2 Translocations
 + Level 6.2 Transmutations
 + Level 6.2 Fire Magic
 + Level 6.2 Ice Magic
 + Level 6.2 Air Magic
 + Level 6.2 Earth Magic
 + Level 6.2 Poison Magic
 + Level 8.1 Invocations
 + Level 7.4 Evocations


You had 3 spell levels left.
You knew the following spells:

 Your Spells              Type           Power      Damage    Failure   Level
a - Mephitic Cloud        Conj/Pois/Air  16%        N/A       6%          3
b - Slow                  Hex            16%        N/A       3%          2
c - Blink                 Tloc           N/A        N/A       3%          2
d - Call Imp              Summ           16%        N/A       3%          2
e - Call Canine Familiar  Summ           16%        N/A       6%          3
f - Summon Small Mammal   Summ           64%        N/A       2%          1
g - Summon Ice Beast      Ice/Summ       16%        N/A       22%         4
h - Ensorcelled Hibernat  Hex/Ice        32%        N/A       3%          2
i - Tukima's Dance        Hex            16%        N/A       6%          3

Your spell library contained the following spells:

 Spells                   Type           Power      Damage    Failure   Level
 Corona                   Hex            17%        N/A       2%          1
 Magic Dart               Conj           64%        1d6       2%          1
 Confusing Touch          Hex            16%        N/A       6%          3
 Conjure Flame            Conj/Fire      16%        6-21      6%          3
 Dazzling Flash           Conj/Hex       32%        N/A       6%          3
 Summon Guardian Golem    Hex/Summ       16%        N/A       6%          3
 Summon Lightning Spire   Summ/Air       16%        N/A       22%         4


Dungeon Overview and Level Annotations

Branches:
Dungeon (11/15)            Temple (1/1) D:5            Lair (2/6) D:11
    Orc (0/2) D:11        Gauntlet (1/1)
  Swamp: Lair:2-4    Shoals: Lair:2-4     Snake: Lair:2-4    Spider: Lair:2-4

Altars:
Ashenzari
Cheibriados
Dithmenos
Elyvilon
Fedhas
Gozag
Hepliaklqana
Kikubaaqudgha
Makhleb
Nemelex Xobeh
Okawaru
Qazlal
Ru
Sif Muna
Trog
Uskayaw
Vehumet
Wu Jian
Xom
Yredelemnul
Zin
The Shining One

Shops:
D:1 ?*   D:2 *=?[

Portals:
Trove: D:10 (give 4 scrolls of fear)

Annotations:
D:4 1 runed translucent door Gauntlet 8 transporters


Innate Abilities, Weirdness & Mutations

You have very sharp teeth.
Your uncanny sense of smell can sniff out nearby items.
Your experience applies equally to all skills.


Message History

What are your orders? t - Bark!
Orders for allies: a - Attack new target. p - Attack previous target. r - Retreat! s - Stop attacking. g - Guard the area. f - Follow me.
Anything else - Cancel.
Gang up on whom?
Press: ? - help, Dir - move target, f/p - minotaur
Aim: a minotaur, wielding a +0 rapier of speed, wearing a +2 plate armour of willpower, wearing a +4 ring of slaying and quivering javelins (moderately wounded, very poisoned, waterlogged) Attack!
The minotaur hits your ice beast with a +0 rapier of speed!
The minotaur gores your ice beast!
Your ice beast dies!
The minotaur throws a javelin.
The javelin closely misses you.
The minotaur hits you with a +0 rapier of speed!
You block the minotaur's attack.
The minotaur hits you with a +0 rapier of speed.
The minotaur gores you but does no damage.
A red film seems to cover your vision as you go berserk!
You feel yourself moving faster!
You feel mighty! The minotaur misses you. The minotaur gores you!
You hit the minotaur.
The minotaur is moderately wounded.
The minotaur hits you with a +0 rapier of speed!!
* * * LOW HITPOINT WARNING * * *
The minotaur gores you!
* * * LOW HITPOINT WARNING * * *
You hit the minotaur but do no damage.
The minotaur is moderately wounded.
You block the minotaur's attack. The minotaur gores you!
* * * LOW HITPOINT WARNING * * *
You barely miss the minotaur.
You bite the minotaur, but do no damage.
The minotaur is moderately wounded.
The minotaur is no longer waterlogged.
You hit the minotaur but do no damage.
The minotaur is moderately wounded.
The minotaur hits you with a +0 rapier of speed!!!
You die...
Your body crumbles into a pile of gold.

#=(?# #8.8# ####}.[####
###8.#8.8#.8### #....#...#....#
#.#..#8.8#..#.# #.#..##H##..#.#
#.....@.......# #.#.##.#.##.#.#
#.#....#....#.# #.#.#######.#.#
#.............# ##...©.©.©...##
#############..8.8.8..###########
#≈#≈#§#≈#≈####.......####≈#§#§#≈#
...........#≈#########§#..§.§§§..


You could see a minotaur (very poisoned).

Vanquished Creatures
  A boulder beetle (D:10)
  Harold (D:8)
  A two-headed ogre (D:8)
  3 death yaks
  A thrashing horror (Gauntlet)
  An orc knight (D:11)
  2 cyclopes
  A moth of wrath (Gauntlet)
  A black mamba (Lair:1)
  Joseph (D:7)
  Maurice (D:8)
  A cane toad (Lair:1)
  Maggie (D:8)
  2 unseen horrors (D:11)
  A meliai (D:8)
  2 trolls (D:11)
  A hornet (D:10)
  2 redbacks (Gauntlet)
  11 yaks
  2 steam dragons (D:8)
  2 small abominations (Gauntlet)
  Edmund (D:5)
  3 acid dragons
  7 water moccasins
  A sky beast (D:5)
  7 orc warriors
  A necrophage (D:3)
  2 black bears (D:6)
  4 ogres
  10 centaurs
  2 phantoms (D:6)
  A kobold brigand (D:5)
  Blork the orc (D:6)
  A wyvern zombie (D:7)
  2 scorpions
  4 bullfrogs
  A gnoll sergeant (D:4)
  A wyvern skeleton (D:7)
  An electric eel (D:6)
  10 howler monkeys
  3 jellies
  10 centaur zombies
  A bullfrog skeleton (D:3)
  2 hounds
  4 orc priests
  Ijyb (D:3)
  9 orc wizards
  6 iguanas
  2 hell rats
  A killer bee zombie (D:8)
  2 howler monkey zombies
  3 gnolls
  6 adders
  A river rat (D:11)
  A shadow imp (D:6)
  A white imp (D:7)
  An adder zombie (D:2)
  2 worms
  36 orcs
  9 ball pythons
  6 bats
  A bat zombie (D:2)
  5 endoplasms
  2 giant cockroaches (D:1)
  5 goblins
  6 hobgoblins
  15 kobolds
  4 quokkas
  3 frilled lizards
  A giant cockroach zombie (D:2)
  2 jackal zombies (D:2)
  A kobold zombie (D:4)
  3 quokka zombies (D:2)
  6 rats
260 creatures vanquished.

Vanquished Creatures (collateral kills)
  A hydra (D:10)
1 creature vanquished.

Vanquished Creatures (others)
  A shadow (D:10)
  15 plants
16 creatures vanquished.

Grand Total: 277 creatures vanquished

Notes
Turn   | Place    | Note
-------+----------+-------------------------------------------
     0 | D:5      | Reached skill level 9 in Stealth
     0 | D:5      | flotson the Gnoll Delver began the quest for the Orb.
     0 | D:5      | Reached XP level 1. HP: 23/23 MP: 1/1
    27 | D:5      | Noticed a water moccasin
    39 | D:4      | Noticed an ogre
    56 | D:4      | Noticed a scorpion
   161 | D:2      | Found Uxijuro's Antique Armour Shop.
   182 | D:2      | Reached XP level 2. HP: 28/29 MP: 2/2
   209 | D:2      | Found Hunuasat's Jewellery Shoppe.
   209 | D:2      | Found Bakhluf's Magic Scroll Shoppe.
   700 | D:1      | Found Dathran's General Store.
   754 | D:1      | Reached XP level 3. HP: 35/35 MP: 3/3
   815 | D:1      | Found Haikhloos's Magic Scroll Emporium.
   820 | D:1      | Bought a scroll of noise for 10 gold pieces
   820 | D:1      | Bought a scroll of identify for 20 gold pieces
  1216 | D:2      | Found Hosasyxi's General Store.
  1254 | D:2      | Found a faded altar of an unknown god.
  1266 | D:2      | Reached skill level 1 in Invocations
  1482 | D:2      | Reached skill level 1 in Short Blades
  1482 | D:2      | Reached skill level 1 in Long Blades
  1482 | D:2      | Reached skill level 1 in Axes
  1482 | D:2      | Reached skill level 1 in Maces & Flails
  1482 | D:2      | Reached skill level 1 in Staves
  1482 | D:2      | Reached skill level 1 in Slings
  1482 | D:2      | Reached skill level 1 in Bows
  1482 | D:2      | Reached skill level 1 in Crossbows
  1482 | D:2      | Reached skill level 1 in Throwing
  1482 | D:2      | Reached skill level 1 in Armour
  1482 | D:2      | Reached skill level 1 in Shields
  1482 | D:2      | Reached skill level 1 in Unarmed Combat
  1482 | D:2      | Reached skill level 1 in Spellcasting
  1482 | D:2      | Reached skill level 1 in Evocations
  1511 | D:2      | Reached XP level 4. HP: 40/41 MP: 5/5
  1888 | D:3      | Reached skill level 1 in Conjurations
  1888 | D:3      | Reached skill level 1 in Hexes
  1888 | D:3      | Reached skill level 1 in Summonings
  1888 | D:3      | Reached skill level 1 in Necromancy
  1888 | D:3      | Reached skill level 1 in Translocations
  1888 | D:3      | Reached skill level 1 in Transmutations
  1888 | D:3      | Reached skill level 1 in Fire Magic
  1888 | D:3      | Reached skill level 1 in Ice Magic
  1888 | D:3      | Reached skill level 1 in Air Magic
  1888 | D:3      | Reached skill level 1 in Earth Magic
  1888 | D:3      | Reached skill level 1 in Poison Magic
  2053 | D:3      | Noticed Ijyb
  2074 | D:3      | Killed Ijyb
  2075 | D:3      | Reached XP level 5. HP: 40/47 MP: 6/6
  2511 | D:3      | Noticed a necrophage
  2536 | D:3      | Killed a necrophage
  2594 | D:3      | Reached XP level 6. HP: 43/53 MP: 8/8
  2842 | D:4      | HP: 1/53 [gnoll sergeant/+0 trident (4)]
  2893 | D:4      | Reached skill level 5 in Polearms
  2893 | D:4      | Reached skill level 5 in Dodging
  3074 | D:4      | Found a runed translucent door.
  3074 | D:4      | Noticed a human
  3103 | D:4      | Reached XP level 7. HP: 30/59 MP: 10/10
  3645 | D:4      | Found a basalt altar of Yredelemnul.
  4098 | D:5      | Noticed Edmund
  4194 | D:5      | Reached skill level 10 in Stealth
  4300 | D:5      | Found a staircase to the Ecumenical Temple.
  4305 | Temple   | Entered the Ecumenical Temple
  4478 | D:5      | Reached XP level 8. HP: 67/67 MP: 12/12
  4863 | D:5      | Killed Edmund
  5332 | D:6      | Found a bloodstained altar of Trog.
  5392 | D:6      | Noticed Blork the orc
  5405 | D:6      | Killed Blork the orc
  5406 | D:6      | Reached XP level 9. HP: 73/73 MP: 14/14
  6422 | D:7      | Reached skill level 5 in Invocations
  6776 | D:7      | Identified the +2 robe "Xangaod" {+Blink rF- Int+4 SInv}
  7109 | D:7      | Reached XP level 10. HP: 76/80 MP: 17/17
  7406 | D:2      | Bought a runed cloak for 127 gold pieces
  7747 | D:7      | Reached skill level 5 in Short Blades
  7747 | D:7      | Reached skill level 5 in Long Blades
  7747 | D:7      | Reached skill level 5 in Axes
  7747 | D:7      | Reached skill level 5 in Maces & Flails
  7747 | D:7      | Reached skill level 5 in Staves
  7747 | D:7      | Reached skill level 5 in Slings
  7747 | D:7      | Reached skill level 5 in Bows
  7747 | D:7      | Reached skill level 5 in Crossbows
  7747 | D:7      | Reached skill level 5 in Throwing
  7747 | D:7      | Reached skill level 5 in Armour
  7747 | D:7      | Reached skill level 5 in Shields
  7747 | D:7      | Reached skill level 5 in Unarmed Combat
  7747 | D:7      | Reached skill level 5 in Spellcasting
  7747 | D:7      | Reached skill level 5 in Evocations
  7774 | D:7      | Noticed Joseph
  7801 | D:7      | Killed Joseph
  7949 | D:8      | Noticed Maggie
  7963 | D:8      | Killed Maggie
  7992 | D:8      | Noticed Harold
  8013 | D:8      | Killed Harold
  8055 | D:8      | Noticed Maurice
  8063 | D:8      | Found a shimmering altar of Xom.
  8067 | D:8      | Found a sparkling altar of Nemelex Xobeh.
  8141 | D:8      | Killed Maurice
  8202 | D:8      | Found a hide-covered altar of Uskayaw.
  8205 | D:8      | Found an opulent altar of Gozag.
  8206 | D:8      | Found a burning altar of Makhleb.
  8260 | D:8      | Noticed a cyclops
  8260 | D:8      | Noticed a two-headed ogre
  8311 | D:8      | Killed a two-headed ogre
  8312 | D:8      | Reached skill level 11 in Stealth
  8424 | D:8      | Became a worshipper of Gozag Ym Sagoz the Greedy
  8462 | D:8      | Killed a cyclops
  8463 | D:8      | Reached XP level 11. HP: 56/87 MP: 19/19
  8575 | D:8      | Learned a level 3 spell: Mephitic Cloud
  8578 | D:8      | Learned a level 2 spell: Slow
  8581 | D:8      | Learned a level 2 spell: Blink
  8584 | D:8      | Learned a level 2 spell: Call Imp
  8633 | D:8      | Identified the +1 robe of the Northern Lights {rC- rN+
                  | Regen+ rCorr}
  8640 | D:8      | Learned a level 3 spell: Call Canine Familiar
  8714 | D:8      | Learned a level 1 spell: Summon Small Mammal
  9003 | D:9      | Reached skill level 5 in Conjurations
  9003 | D:9      | Reached skill level 5 in Hexes
  9003 | D:9      | Reached skill level 5 in Summonings
  9003 | D:9      | Reached skill level 5 in Necromancy
  9003 | D:9      | Reached skill level 5 in Translocations
  9003 | D:9      | Reached skill level 5 in Transmutations
  9003 | D:9      | Reached skill level 5 in Fire Magic
  9003 | D:9      | Reached skill level 5 in Ice Magic
  9003 | D:9      | Reached skill level 5 in Air Magic
  9003 | D:9      | Reached skill level 5 in Earth Magic
  9003 | D:9      | Reached skill level 5 in Poison Magic
  9282 | D:9      | Found an ancient bone altar of Kikubaaqudgha.
  9534 | D:10     | Entered Level 10 of the Dungeon
  9554 | D:10     | Learned a level 4 spell: Summon Ice Beast
  9557 | D:10     | Found a portal to a secret trove of treasure.
  9679 | D:10     | Learned a level 2 spell: Ensorcelled Hibernation
  9683 | D:10     | Learned a level 3 spell: Tukima's Dance
 10082 | D:1      | Bought a scroll of identify for 20 gold pieces
 10082 | D:1      | Bought a scroll of identify for 20 gold pieces
 10082 | D:1      | Bought a scroll of teleportation for 30 gold pieces
 10082 | D:1      | Bought a scroll of amnesia for 35 gold pieces
 10082 | D:1      | Bought a scroll of enchant weapon for 75 gold pieces
 10082 | D:1      | Bought a scroll of holy word for 75 gold pieces
 10082 | D:1      | Bought a scroll of fear for 35 gold pieces
 10372 | D:2      | Bought a scroll of identify for 28 gold pieces
 10372 | D:2      | Bought a scroll of enchant armour for 105 gold pieces
 10372 | D:2      | Bought a scroll of immolation for 49 gold pieces
 10372 | D:2      | Bought a scroll of silence for 105 gold pieces
 10372 | D:2      | Bought a scroll of identify for 28 gold pieces
 10841 | D:11     | Found a staircase to the Lair.
 10841 | D:11     | Noticed a death yak
 10875 | D:11     | Noticed a cyclops
 10887 | D:11     | Killed a cyclops
 10890 | D:11     | Noticed a boulder beetle
 10891 | D:11     | Noticed a death yak
 11107 | D:11     | Noticed a death yak
 11107 | D:11     | Noticed a six-headed hydra
 11157 | D:10     | Killed a four-headed hydra
 11611 | D:10     | Killed a boulder beetle
 12062 | D:10     | Killed a death yak
 12317 | D:10     | Killed a death yak
 12484 | D:11     | Killed a death yak
 12485 | D:11     | Reached XP level 12. HP: 58/96 MP: 14/22
 12662 | D:2      | Bought a ring of see invisible for 210 gold pieces
 12865 | D:11     | Found a staircase to the Orcish Mines.
 13981 | Lair:1   | Entered Level 1 of the Lair of Beasts
 14525 | D:1      | Bought a +2 ring mail of poison resistance for 216 gold
                  | pieces
 14840 | Lair:2   | Found a gate leading to a gauntlet.
 14846 | Gauntlet | Entered a Gauntlet
 14846 | Gauntlet | Found a transporter.
 14860 | Gauntlet | Noticed a dire elephant
 15168 | Gauntlet | Found a transporter.
 15169 | Gauntlet | Found a transporter.
 15170 | Gauntlet | Found a transporter.
 15173 | Gauntlet | Found a transporter.
 15174 | Gauntlet | Found a transporter.
 15180 | Gauntlet | Noticed an eight-headed hydra
 15182 | Gauntlet | Found the +3 hat of Pondering {ponderous, Will+ MP+10
                  | Int+5}
 15182 | Gauntlet | Noticed a thrashing horror
 15185 | Gauntlet | Found a transporter.
 15186 | Gauntlet | Found a transporter.
 15202 | Gauntlet | Found a transporter.
 15204 | Gauntlet | Noticed a great orb of eyes
 15210 | Gauntlet | Found a transporter.
 15210 | Gauntlet | Found a transporter.
 15218 | Gauntlet | Found a transporter.
 15336 | Gauntlet | Identified the ring "Newaezil" {rElec rC- MP+9 Int+5}
 15365 | Gauntlet | Identified the amulet of Xorhimm {Reflect Fragile rElec
                  | rCorr Str+6 SH+5}
 15455 | Gauntlet | Identified the ring "Hero's Friend" {Wiz rC+ SInv}
 15456 | Gauntlet | Identified the +2 hat "Keoleach" {rF+}
 15465 | Gauntlet | Killed a thrashing horror
 15572 | Gauntlet | Noticed a minotaur
 15591 | Gauntlet | Mangled by a minotaur

Illustrated notes

Levels and vault maps discovered:
D:1:      amcnicky_arrival_blooded_trapdoor, layout_basic, serial_shops, shop,
          shop, dk_noncrumbling_3
D:2:      layout_basic, serial_undead, serial_undead_d, serial_undead_d,
          serial_undead_d, serial_undead_c, basic_ecumenical_altar,
          serial_shops, shop, shop, nicolae_shop_behind_doors,
          nicolae_shop_stone, hangedman_feature_mirror
D:3:      layout_basic, kennysheep_cross_room, minivault_27, uniq_ijyb
D:4:      layout_loops_ring, dk_yredelemnul_ordeal, minmay_misc_feat_tower,
          lightli_minifort
D:5:      layout_gridville, minmay_temple_entry_nine_rooms, serial_bayou_lake_a,
          uniq_edmund
D:6:      layout_basic, trog_ov_bears_minmay, fountainhead,
          minmay_misc_feat_diagonals, minmay_misc_feat_iff, uniq_blork_the_orc
D:7:      layout_basic, grunt_ministairs_4, kennysheep_big_empty_room,
          uniq_joseph
D:8:      layout_rooms, nicolae_overflow_hidden_temple, minmay_the_grid_2x2
          [minmay_the_grid_plusring, minmay_the_grid_garden,
          minmay_the_grid_outer_diamond, minmay_the_grid_prize_diamond_cup],
          uniq_maurice, uniq_harold, uniq_maggie
D:9:      layout_cave_pools, kiku_gazebo_pond_becter, minmay_stone_trees_small
D:10:     layout_basic, enter_trove_1, kennysheep_generic_room_12
D:11:     layout_cave_pools, dpeg_lair_monsters, orc_david_3
Temple:   zaba_magenta_temple
Lair:1:   layout_cave_pods, ebering_ghost_xom, infiniplex_staircase_pool_2,
          minmay_lair_oklob_chamber, serial_bayou_shore_b
Lair:2:   layout_regular_city, ebering_ghost_funeral_grove,
          nicolae_volcano_entry_lava_flow, gauntlet_entry_generic,
          chequers_serial_rivers_small_b, nicolae_quartered_pool_super,
          lemuel_oklob_altar, uniq_nergalle
Gauntlet: minmay_gauntlet_mixed_oops_all_seconds
          [minmay_gauntlet_arena_77_block_sizes,
          gammafunk_gauntlet_arena_corners,
          minmay_gauntlet_arena_77_tiled_triplets,
          nicolae_gauntlet_arena_grate_2, minmay_gauntlet_arena_77_squiggly,
          gammafunk_gauntlet_arena_teeth,
          nicolae_gauntlet_exit_dead_adventurers]

Skill      XL: |  1  2  3  4  5  6  7  8  9 10 11 12 |
---------------+-------------------------------------+-----
Stealth        | 10 11 | 11.8
Invocations    | 1 2 3 4 5 6 7 8 |  8.1
Short Blades   | 1 2 3 4 5 6 7 |  7.4
Long Blades    | 1 2 3 4 5 6 7 |  7.4
Axes           | 1 2 3 4 5 6 7 |  7.4
Maces & Flails | 1 2 3 4 5 6 7 |  7.4
Staves         | 1 2 3 4 5 6 7 |  7.4
Slings         | 1 2 3 4 5 6 7 |  7.4
Bows           | 1 2 3 4 5 6 7 |  7.4
Crossbows      | 1 2 3 4 5 6 7 |  7.4
Throwing       | 1 2 3 4 5 6 7 |  7.4
Armour         | 1 2 3 4 5 6 7 |  7.4
Shields        | 1 2 3 4 5 6 7 |  7.4
Unarmed Combat | 1 2 3 4 5 6 7 |  7.4
Spellcasting   | 1 2 3 4 5 6 7 |  7.4
Evocations     | 1 2 3 4 5 6 7 |  7.4
Conjurations   | 1 2 3 4 5 6 |  6.2
Hexes          | 1 2 3 4 5 6 |  6.2
Summonings     | 1 2 3 4 5 6 |  6.2
Necromancy     | 1 2 3 4 5 6 |  6.2
Translocations | 1 2 3 4 5 6 |  6.2
Transmutations | 1 2 3 4 5 6 |  6.2
Fire Magic     | 1 2 3 4 5 6 |  6.2
Ice Magic      | 1 2 3 4 5 6 |  6.2
Air Magic      | 1 2 3 4 5 6 |  6.2
Earth Magic    | 1 2 3 4 5 6 |  6.2
Poison Magic   | 1 2 3 4 5 6 |  6.2
Polearms       | 5 6 7 8 |  8.8
Dodging        | 5 6 7 8 |  8.8
Fighting       | 7 8 9 |  9.9

Action                   |  1- 3 |  4- 6 |  7- 9 | 10-12 || total
-------------------------+-------+-------+-------+-------++-------
Melee: Spear             |   144 |    49 |       |       ||   193
       Bite              |    10 |     9 |    53 |    86 ||   158
       War axe           |       |    60 |   119 |       ||   179
       Punch             |       |     1 |       |     1 ||     2
       Flail             |       |       |   272 |       ||   272
       Scimitar          |       |       |    15 |   124 ||   139
       Lajatang          |       |       |       |   357 ||   357
 Fire: Hunting sling     |       |    50 |    76 |       ||   126
       Hand crossbow     |       |       |       |    94 ||    94
Throw: Dart              |     3 |     5 |    15 |    17 ||    40
       Boomerang         |       |       |     4 |       ||     4
       Throwing net      |       |       |       |     8 ||     8
 Cast: Summon Ice Beast  |       |       |       |     2 ||     2
       Mephitic Cloud    |       |       |       |     1 ||     1
       Summon Small Mamm |       |       |       |     1 ||     1
       Call Canine Famil |       |       |       |     1 ||     1
       Blink             |       |       |       |     4 ||     4
Evoke: Wand              |       |     2 |     2 |     4 ||     8
       Phantom mirror    |       |       |       |     1 ||     1
       Phial of floods   |       |       |       |     1 ||     1
  Use: Scroll            |     1 |       |     3 |     8 ||    12
       Potion            |       |     1 |     1 |     2 ||     4
 Stab: Sleeping          |    15 |     7 |     2 |     5 ||    29
       Held in net/web   |       |       |       |     4 ||     4
       Distracted        |       |       |       |     3 ||     3
       Confused          |       |       |       |     2 ||     2
Armor: Ring mail         |    29 |    37 |   154 |    20 ||   240
       Leather armour    |     3 |       |       |       ||     3
       Acid dragon scale |       |       |    25 |   141 ||   166
Dodge: Dodged            |    57 |    91 |   204 |   331 ||   683
Block: Kite shield       |       |     4 |   202 |    83 ||   289
       Other             |       |       |       |     6 ||     6
       Rpst.: Scimitar   |       |       |     5 |    10 ||    15

Table legend: (Time is in decaauts)
 A = Elapsed time spent in this place.
 B = Non-inter-level travel time spent in this place.
 C = Inter-level travel time spent in this place.
 D = Time resting spent in this place.
 E = Time spent auto-exploring this place.
 F = Levels seen in this place.
 G = Mean time per level.
                   A        B        C        D        E       F      G
               +--------+--------+--------+--------+--------+-----+--------+
         Total |  15829 |  13411 |   2418 |    630 |   9308 |  15 | 1055.3 |
       Dungeon |  14552 |  12170 |   2382 |    578 |   8320 |  11 | 1322.9 |
        Temple |     73 |     54 |     19 |      0 |     52 |   1 |   73.0 |
          Lair |    470 |    453 |     17 |      0 |    365 |   2 |  235.0 |
      Gauntlet |    732 |    732 |      0 |     52 |    571 |   1 |  732.0 |
               +--------+--------+--------+--------+--------+-----+--------+

Top non-repeatable levels by time:
    D:10: 2186 daAuts
     D:4: 1576 daAuts
    D:11: 1469 daAuts
     D:6: 1463 daAuts
     D:7: 1404 daAuts
     D:5: 1400 daAuts
     D:3: 1219 daAuts
     D:8: 1150 daAuts
     D:1: 1101 daAuts
     D:2: 985 daAuts
Gauntlet: 732 daAuts
     D:9: 596 daAuts
  Lair:1: 456 daAuts
  Temple: 73 daAuts
  Lair:2: 14 daAuts
